 Dungeon Crawl Stone Soup version 0.21-a0-216-g6d3fd91 (webtiles) character file.

2108 potatolord6000 the Covered (level 9, -3/58 HPs)
             Began as a Gargoyle Fighter on Aug 23, 2017.
             Was an Initiate of Gozag.
             Killed by divine providence
             ... invoked by an orc priest
              (9 damage)
             ... on level 7 of the Dungeon.
             The game lasted 00:22:05 (4407 turns).

potatolord6000 the Covered (Gargoyle Fighter)       Turns: 4407, Time: 00:22:06

Health: -3/58      AC: 16    Str: 24    XL:     9   Next: 28%
Magic:  9/9        EV: 13    Int:  8    God:    Gozag
Gold:   342        SH:  0    Dex:  9    Spells: 8/8 levels left

rFire    . . .     SeeInvis .   c - +5 dire flail (freeze)
rCold    . . .     Gourm    .   (shield currently unavailable)
rNeg     + . .     Faith    .   b - +3 scale mail
rPois    ∞         Spirit   .   (no helmet)
rElec    +         Reflect  .   (no cloak)
rCorr    .         Harm     .   (no gloves)
MR       .....                  (no boots)
Stlth    ..........             g - amulet of regeneration
HPRegen  0.59/turn              q - +3 ring of evasion
MPRegen  0.11/turn              (no ring)

@: gold aura
A: negative energy resistance 1, electricity resistance, unbreathing,
petrification resistance, rot immunity, AC +5
a: Potion Petition, Call Merchant, Bribe Branch, Renounce Religion


You were on level 7 of the Dungeon.
You worshipped Gozag.
Gozag was aware of your devotion.
You were not hungry.

You visited 2 branches of the dungeon, and saw 8 of its levels.

You collected 709 gold pieces.
You paid 367 gold pieces to Gozag.

Inventory:

Hand Weapons
 c - a +5 dire flail of freezing (weapon)
Armour
 b - a +3 scale mail (worn)
Jewellery
 g - an amulet of regeneration (around neck)
 q - a +3 ring of evasion (left hand)
Scrolls
 e - 2 scrolls of identify
 k - a scroll of teleportation {unknown}
 m - a scroll of noise {unknown}
 n - 2 scrolls of magic mapping
 o - a scroll of recharging {unknown}
 r - a scroll of amnesia {unknown}
Potions
 h - a potion of brilliance
Comestibles
 a - a meat ration
 d - 3 royal jellies
 f - 3 bread rations
 j - 5 fruits


   Skills:
 + Level 7.6 Fighting
 + Level 6.5 Maces & Flails
 + Level 7.8 Armour
   Level 6.1 Shields


You had 8 spell levels left.
You didn't know any spells.

Dungeon Overview and Level Annotations

Branches:
Dungeon (7/15)             Temple (1/1) D:4

Altars:
Cheibriados
Dithmenos
Fedhas
Gozag
Kikubaaqudgha
Makhleb
Nemelex Xobeh
Okawaru
Qazlal
Ru
Sif Muna
Trog
Uskayaw
Xom
Yredelemnul
Zin

Shops:
D:5 (   D:6 :


Innate Abilities, Weirdness & Mutations

You are resistant to torment.
Your stone body is resilient. (AC +5)
You are immune to poison.
You resist negative energy. (rN+)
You are resistant to electric shocks. (rElec)
You can survive without breathing.
You are immune to petrification.
You are immune to rotting.


Message History

The orc priest barely misses you. x2
The orc priest mumbles some strange prayers to Beogh against you.
Beogh smites you!
* * * LOW HITPOINT WARNING * * *
You thump the orc priest! You freeze the orc priest.
You kill the orc priest!
The orc is distracted by the nearby gold.
The orc priest completely misses you. The adder bites you but does no damage.
The orc priest hits you but does no damage.
Unknown command.
You barely miss the orc priest. The orc closely misses you.
The adder barely misses you.
The orc shouts!
You impale the orc priest!! You freeze the orc priest.
You kill the orc priest!
The worker ant is distracted by the nearby gold.
The orc priest invokes the aid of Beogh against you.
Beogh smites you!
You die...
Your body crumbles into a pile of gold.

..$....# ..?...# ......#
a....#### #.o.....
##.Z... .. ##J$So### ..
. #).o@...#..# .
#........... ### .#
.#.##...$..##..# ..###.#
...............#
#.....####.####.########
##........ #.# #.##.##.#
##.## #.##.##. #...#
#.##.##. #...#


You could see a jelly, a worker ant (unaware), an orc priest, an adder, 2 orcs
and an adder skeleton.

Vanquished Creatures
  2 ice beasts (D:6)
  A water moccasin (D:5)
  A necrophage (D:5)
  A phantom (D:3)
  A sky beast (D:6)
  An ogre (D:4)
  2 centaurs (D:6)
  4 bullfrogs (D:6)
  A scorpion (D:7)
  4 wights (D:6)
  A howler monkey (D:6)
  A crimson imp (D:6)
  5 orc priests
  3 hounds
  2 jellies
  A centaur skeleton (D:6)
  3 iguanas
  An orc wizard (D:4)
  7 worker ants
  A killer bee zombie (D:6)
  A hound skeleton (D:7)
  A gnoll (D:6)
  5 adders
  A shadow imp (D:7)
  5 worms
  A dart slug (D:2)
  2 leopard geckos
  16 orcs
  A ball python (D:4)
  5 giant cockroaches
  3 goblins
  A hobgoblin (D:3)
  5 quokkas
  3 bats (D:2)
  5 frilled lizards
  5 kobolds
  A leopard gecko skeleton (D:6)
  A leopard gecko zombie (D:5)
  6 rats
111 creatures vanquished.

Notes
Turn   | Place    | Note
-------+----------+-------------------------------------------
     0 | D:1      | potatolord6000 the Gargoyle Fighter began the quest for the Orb.
     0 | D:1      | Reached XP level 1. HP: 14/14 MP: 1/1
   414 | D:2      | Found an iron altar of Okawaru.
   415 | D:2      | Reached XP level 2. HP: 19/19 MP: 2/2
   712 | D:2      | Reached XP level 3. HP: 23/23 MP: 3/3
  1068 | D:3      | Noticed a phantom
  1101 | D:3      | Killed a phantom
  1101 | D:3      | Reached XP level 4. HP: 30/30 MP: 4/4
  1101 | D:3      | Reached XP level 5. HP: 34/34 MP: 5/5
  1386 | D:4      | Noticed an ogre
  1395 | D:4      | Killed an ogre
  1395 | D:4      | Reached XP level 6. HP: 38/39 MP: 6/6
  1427 | D:4      | Found a staircase to the Ecumenical Temple.
  1480 | Temple   | Entered the Ecumenical Temple
  1530 | Temple   | Became a worshipper of Gozag Ym Sagoz the Greedy
  1699 | D:4      | Reached skill level 5 in Armour
  2032 | D:4      | Reached skill level 5 in Fighting
  2255 | D:5      | Entered Level 5 of the Dungeon
  2261 | D:5      | Reached XP level 7. HP: 44/44 MP: 7/7
  2308 | D:5      | Reached skill level 5 in Shields
  2894 | D:5      | Reached XP level 8. HP: 47/51 MP: 8/8
  2998 | D:5      | Found Cetz's Antique Weapon Boutique.
  3286 | D:6      | Reached skill level 5 in Maces & Flails
  3718 | D:6      | Found Ygeqaipp's Book Shoppe.
  3746 | D:6      | Reached XP level 9. HP: 56/57 MP: 9/9
  3901 | D:6      | Found a stormy altar of Qazlal.
  4407 | D:7      | Killed from afar by an orc priest

Vault maps used:
D:1:      giann_wishing_wells, serial_bayou, serial_bayou_pond_d,
          serial_bayou_ford_a, serial_bayou_lagoon_a, serial_bayou_shore_b
D:2:      lemuel_round_altar
D:3:      uniq_ijyb, uniq_natasha
D:4:      temple_fountains, first_bread
D:5:      minmay_thick_lines, serial_shops, shop
D:6:      serial_shops, nicolae_shop_behind_doors, basic_altar
D:7:      grunt_ogre_cave
Temple:   regret_index_temple_sigil_plot

Skill      XL: |  1  2  3  4  5  6  7  8  9 |
---------------+----------------------------+-----
Fighting       | 4 5 7 |  7.6
Maces & Flails | 3 4 5 6 |  6.5
Armour         | 4 5 6 7 |  7.8
Shields        | 4 5 6 |  6.1

Action                   |  1- 3 |  4- 6 |  7- 9 || total
-------------------------+-------+-------+-------++-------
Melee: Flail             |   104 |   145 |   205 ||   454
       Dire flail        |       |       |    70 ||    70
Invok: Potion Petition   |       |     1 |     1 ||     2
  Use: Potion            |     1 |     5 |     3 ||     9
       Scroll            |       |       |     9 ||     9
 Stab: Invisible         |       |     2 |       ||     2
       Distracted        |       |     1 |       ||     1
  Eat: Bread ration      |     1 |       |       ||     1
       Meat ration       |       |       |     2 ||     2
Armor: Scale mail        |    70 |   106 |   144 ||   320
Dodge: Dodged            |    42 |    92 |   178 ||   312
Block: Shield            |    53 |   106 |   142 ||   301

Table legend:
 A = Spawn XP
 B = Non-spawn XP
 C = Spawn XP percentage of total XP
 D = Spawn monster count
 E = Non-spawn monster count
 F = Spawn count percentage of total count
 G = Total turns spent on level
                    A         B        C        D         E        F      G
               +---------+---------+-------+---------+---------+-------+---------
         Total |     362 |    2650 |  12.0 |      10 |     101 |   9.0 |  4407
               +---------+---------+-------+---------+---------+-------+---------
           D:1 |       0 |       5 |   0.0 |       0 |       4 |   0.0 |   396
           D:2 |       0 |      46 |   0.0 |       0 |      17 |   0.0 |   431
           D:3 |      14 |     157 |   8.2 |       2 |      12 |  14.3 |   559
           D:4 |       5 |     368 |   1.3 |       2 |      20 |   9.1 |   785
           D:5 |      70 |     605 |  10.4 |       2 |      17 |  10.5 |   897
           D:6 |     273 |    1283 |  17.5 |       4 |      26 |  13.3 |  1088
           D:7 |       0 |     186 |   0.0 |       0 |       5 |   0.0 |   167
               +---------+---------+-------+---------+---------+-------+---------
